 Dungeon Crawl Stone Soup version 0.27-a0-1219-g958d993ae5 (webtiles) character file.

Game seed: 17517445092309360480

181 patchburns1 the Skirmisher (level 5, -1/41 HPs)
             Began as a Djinni Fighter on June 7, 2021.
             Slain by an ogre
             ... wielding a +0 giant club
              (21 damage)
             ... on level 4 of the Dungeon.
             The game lasted 00:13:33 (4751 turns).

patchburns1 the Skirmisher (Djinni Fighter)         Turns: 4751, Time: 00:13:34

Health: -1/41      AC:  3    Str: 15    XL:     5   Next: 92%
Gold:   199        EV:  9    Int: 10    God:
                   SH:  9    Dex: 13

rFire    + + .     SeeInvis .   q - +3 rapier
rCold    x . .     Faith    .   c - +0 kite shield
rNeg     . . .     Spirit   .   u - +0 leather armour
rPois    ∞         Reflect  .   (no helmet)
rElec    .         Harm     .   (no cloak)
rCorr    .         Rampage  .   (no gloves)
Will     .....                  (boots unavailable)
Stlth    +.........             (no amulet)
HPRegen  0.13/turn              (no ring)
MPRegen  0.00/turn              (no ring)

@: flying
A: sickness immunity, fire resistance 2, cold vulnerability 1, float, innate
caster, hp casting, extra vitality 1
a: no special abilities


You were on level 4 of the Dungeon.
You visited 1 branch of the dungeon, and saw 4 of its levels.

You collected 199 gold pieces.

Inventory:

Hand Weapons
 a - a +0 rapier
 l - a +0 hunting sling
 q - a +3 rapier (weapon)
Missiles
 j - 13 bolts
 r - 8 sling bullets
 s - 54 stones (quivered)
Armour
 b - a +0 scale mail
 c - a +0 kite shield (worn)
 p - a +0 chain mail
 u - a +0 leather armour (worn)
Scrolls
 e - a scroll of magic mapping {unknown}
 g - a scroll of enchant weapon {unknown}
 i - 6 scrolls of identify {unknown}
 m - a scroll of brand weapon {unknown}
 n - a scroll of teleportation {unknown}
 t - a scroll of amnesia {unknown}
Potions
 d - a potion of might
 f - a potion of cancellation {unknown}
 h - a potion of resistance {unknown}
 k - 2 potions of flight {unknown}
 o - a potion of berserk rage {unknown}


   Skills:
 * Level 3.8 Fighting
 + Level 2.4 Short Blades
 + Level 3.3 Armour
 + Level 1.6 Dodging
 + Level 1.4 Stealth
 * Level 3.4 Shields
 * Level 1.5 Spellcasting


You had 4 spell levels left.
You knew the following spells:

 Your Spells              Type           Power      Damage    Failure   Level
a - Apportation           Tloc           6%         N/A       67%         1
b - Poisonous Vapours     Pois/Air       6%         N/A       82%         2
Your spell library was empty.

Dungeon Overview and Level Annotations

Branches:
Dungeon (4/15)
 Temple: D:4-7

Altars:


Innate Abilities, Weirdness & Mutations

You are immune to sickness and miasma.
You are immune to poison.
Your flesh is very heat resistant. (rF++)
You are vulnerable to cold. (rC-)
You float through the air rather than walking.
You learn spells naturally, not from books.
Your magical power is your life essence.
You have superior vitality. (+4 HP)


Message History

Ouch! That really hurt!
The kobold throws a poisoned dart.
The poisoned dart barely misses you.
The kobold throws a poisoned dart.
You block the poisoned dart.
There is a stone staircase leading up here.
You block the ogre's attack.
You see here a +0 short sword.
The kobold barely misses you.
The kobold throws a poisoned dart.
The poisoned dart hits you!
The kobold throws a poisoned dart.
The poisoned dart misses you.
There is a stone staircase leading up here.
The ogre closely misses you.
You see here a +0 short sword.
You block the giant cockroach's attack. x2
The giant cockroach barely misses you.
The giant cockroach bites you but does no damage.
The giant cockroach bites you but does no damage.
The kobold throws a poisoned dart.
You block the poisoned dart.
The kobold throws a poisoned dart.
The poisoned dart hits you!
The kobold throws a poisoned dart.
The poisoned dart hits you! You block the giant cockroach's attack.
The kobold throws a poisoned dart.
The poisoned dart hits you!
You see here 22 arrows.
There is a stone staircase leading up here.
You block the giant cockroach's attack. x2
You fly upwards.
There is a stone staircase leading down here.
You barely miss the giant cockroach. The giant cockroach bites you.
You hit the giant cockroach.
You kill the giant cockroach!
You see here a giant cockroach corpse.
You start resting.
HP restored.
There is a stone staircase leading down here.
You fly downwards.
The ogre hits you with a +0 giant club!!
Ouch! That really hurt!
There is a stone staircase leading up here.
The ogre hits you with a +0 giant club!!
Ouch! That really hurt!
You die...

###...###.###
#..........#
##.......###
#..........##
##...........#
#..........###
#...........#
#......###.##
#...######O@#
#........(.##
######........K.#
..........).....#
..##......#....##
.###......###.##
..###.##..#####
####...##..##
#.#.........#


You could see an ogre and a kobold.

Vanquished Creatures
  A hound (D:4)
  4 gnolls
  4 adders
  4 orcs
  7 endoplasms
  A giant cockroach (D:3)
  8 goblins
  3 hobgoblins (D:1)
  7 jackals
  5 quokkas
  7 ball pythons
  5 bats
  A frilled lizard (D:1)
  4 kobolds
  3 rats
64 creatures vanquished.

Notes
Turn   | Place    | Note
-------+----------+-------------------------------------------
     0 | D:1      | patchburns1 the Djinni Fighter began the quest for the Orb.
     0 | D:1      | Reached XP level 1. HP: 20/20 MP: 0/0
   144 | D:1      | You are sucked into a shaft and drop 1 floor!
   164 | D:2      | Reached XP level 2. HP: 16/25 MP: 0/0
   166 | D:2      | Reached XP level 3. HP: 20/30 MP: 0/0
   166 | D:2      | Learned a level 1 spell: Apportation
  1366 | D:1      | Found a faded altar of an unknown god.
  1959 | D:1      | Reached XP level 4. HP: 35/35 MP: 0/0
  1967 | D:1      | Reached skill level 1 in Stealth
  1973 | D:1      | Reached skill level 1 in Dodging
  2352 | D:3      | Reached skill level 1 in Spellcasting
  2884 | D:4      | Reached XP level 5. HP: 12/41 MP: 0/0
  2884 | D:4      | Learned a level 2 spell: Poisonous Vapours
  3195 | D:4      | HP: 1/41 [gnoll/+0 quarterstaff (8)]
  3222 | D:4      | HP: 1/41 [jackal (3)]
  4565 | D:4      | Noticed an ogre
  4751 | D:4      | Slain by an ogre

Illustrated notes

Levels and vault maps discovered:
D:1:      psy_arrival_heroes, layout_loops_corners,
          ebering_ecumenical_altar_petrified, kennysheep_decorative_pillar,
          minmay_tree_intersection
D:2:      layout_basic, kennysheep_cluttered_room, dk_noncrumbling_3
D:3:      layout_basic, kennysheep_generic_room_5
D:4:      layout_cave_pools, lemuel_mausoleum_altar_yredelemnul,
          minmay_temple_entry_antechambers, minmay_close_crescents

Skill      XL: |  1  2  3  4 |
---------------+-------------+-----
Short Blades   | 2 |  2.4
Stealth        | 1 |  1.4
Dodging        | 1 |  1.6
Spellcasting   | 1 |  1.5
Fighting       | |  3.8
Armour         | |  3.3
Shields        | |  3.4

Action                   |  1- 3 |  4- 6 || total
-------------------------+-------+-------++-------
Melee: Rapier            |    74 |   138 ||   212
Throw: Stone             |       |     3 ||     3
Armor: Scale mail        |    34 |     3 ||    37
       Chain mail        |       |    50 ||    50
       Leather armour    |       |    12 ||    12
Dodge: Dodged            |    25 |    49 ||    74
Block: Kite shield       |    31 |    87 ||   118

Table legend: (Time is in decaauts)
 A = Elapsed time spent in this place.
 B = Non-inter-level travel time spent in this place.
 C = Inter-level travel time spent in this place.
 D = Time resting spent in this place.
 E = Time spent auto-exploring this place.
 F = Levels seen in this place.
 G = Mean time per level.
                   A        B        C        D        E       F      G
               +--------+--------+--------+--------+--------+-----+--------+
         Total |   4829 |   4584 |    245 |   1135 |   2321 |   4 | 1207.2 |
       Dungeon |   4829 |   4584 |    245 |   1135 |   2321 |   4 | 1207.2 |
               +--------+--------+--------+--------+--------+-----+--------+

Top non-repeatable levels by time:
     D:3: 1614 daAuts
     D:2: 1611 daAuts
     D:1: 1126 daAuts
     D:4: 477 daAuts
